 Dungeon Crawl Stone Soup version 0.24.0-13-gcf9b319 (webtiles) character file.

Game seed: 4589702145967427327, levelgen mode: deterministic

45 Balder the Skirmisher (level 3, 0/49 HPs)
             Began as a Draconian Berserker on May 14, 2020.
             Was a Follower of Trog.
             Succumbed to Jessica's poison
             ... on level 2 of the Dungeon.
             The game lasted 00:04:03 (893 turns).

Balder the Skirmisher (Draconian Berserker)          Turns: 893, Time: 00:04:03

Health: 0/49       AC: 21    Str: 21    XL:     3   Next: 42%
Magic:  3/3        EV:  2    Int:  7    God:    Trog [*.....]
Gold:   25         SH:  0    Dex: 11    Spells: 2/2 levels left

rFire    . . .     SeeInvis .   a - +0 mace
rCold    . . .     Gourm    .   (no shield)
rNeg     + + +     Faith    .   (armour unavailable)
rPois    +         Spirit   .   (helmet currently unavailable)
rElec    .         Reflect  .   (cloak currently unavailable)
rCorr    .         Harm     .   (gloves currently unavailable)
MR       .....     NoTele   +   (boots currently unavailable)
Stlth    +.........             (no amulet)
HPRegen  0.16/turn              (no ring)
MPRegen  0.08/turn              (no ring)

@: lethally poisoned (0 -> -10), tree-form, hasted, very quick
A: unfitting armour, strong 1, AC +5
a: Berserk, Renounce Religion


You were on level 2 of the Dungeon.
You worshipped Trog.
Trog was aware of your devotion.
You were not hungry.
You were a tree.
You visited 1 branch of the dungeon, and saw 2 of its levels.

You collected 25 gold pieces.

Inventory:

Hand Weapons
 a - a +0 mace (weapon)
Missiles
 d - 5 boomerangs (quivered)
 f - 8 javelins
 h - 28 poisoned darts
Wands
 n - a wand of acid (10)
Scrolls
 g - a scroll of enchant weapon {unknown}
 k - a scroll of fear {unknown}
 l - a scroll of magic mapping {unknown}
 m - a scroll of identify {unknown}
Comestibles
 b - 4 rations
 c - 5 chunks of flesh


   Skills:
 * Level 3.7 Fighting
 * Level 3.4 Maces & Flails
 * Level 0.6 Throwing
 * Level 3.1 Dodging
 * Level 0.6 Stealth


You had 2 spell levels left.
You didn't know any spells.
Your spell library was empty.

Dungeon Overview and Level Annotations

Branches:
Dungeon (2/15)

Altars:


Innate Abilities, Weirdness & Mutations

((Your plain brown scales are hard. (AC +5)))
You cannot fit into any form of body armour.
((You are cold-blooded and may be slowed by cold attacks.))
((Your large and strong wings let you fly indefinitely.))
Your muscles are strong. (Str +2)


Message History

You feel stronger.
Your wings grow larger and stronger.
* * * LOW HITPOINT WARNING * * *
You feel sick.
You cannot move.
You cannot move.
You cannot move.
You cannot move.
* * * LOW HITPOINT WARNING * * *
You feel sick.
* * * LOW HITPOINT WARNING * * *
You feel sick.
* * * LOW HITPOINT WARNING * * *
You feel sick.
* * * LOW HITPOINT WARNING * * *
You feel sick.
* * * LOW HITPOINT WARNING * * *
You feel sick.
* * * LOW HITPOINT WARNING * * *
You feel sick.
You die...

############# ####
#...........# ...####
#.#########.# ##.......
##.#######.#.###........
####...##.(..#..♣.).....#
.....#÷.....###.###.......§
####...##.##.#...###...####
##.###.<....#.. ...... #.#
#.##.....## ..#### #.#
#.###.#.## ..#
#.###.###.#.# ...
#...........# ...#
#####.###....


There were no monsters in sight!

Vanquished Creatures
  Jessica (D:2)
  An ooze (D:1)
  3 bats
  4 goblins (D:1)
  4 hobgoblins
  A rat (D:1)
14 creatures vanquished.

Notes
Turn   | Place    | Note
-------+----------+-------------------------------------------
     0 | D:1      | Balder the Draconian Berserker began the quest for the Orb.
     0 | D:1      | Reached XP level 1. HP: 19/19 MP: 1/1
   135 | D:1      | Reached XP level 2. HP: 16/26 MP: 2/2
   862 | D:2      | Noticed Jessica
   880 | D:2      | Gained mutation: You do not regenerate when monsters are
                  | visible. [potion of mutation]
   880 | D:2      | Gained mutation: Your spells are a little harder to cast,
                  | but a little more powerful. [potion of mutation]
   880 | D:2      | Gained mutation: Your tail ends in a poisonous barb.
                  | [potion of mutation]
   884 | D:2      | Killed Jessica
   884 | D:2      | Reached XP level 3. HP: 8/33 MP: 3/3
   885 | D:2      | Lost mutation: Your tail ends in a poisonous barb. [potion
                  | of mutation]
   885 | D:2      | Lost mutation: Your spells are a little harder to cast, but
                  | a little more powerful. [potion of mutation]
   885 | D:2      | Lost mutation: You do not regenerate when monsters are
                  | visible. [potion of mutation]
   885 | D:2      | Gained mutation: Your muscles are strong. (Str +2) [potion
                  | of mutation]
   885 | D:2      | Gained mutation: Your large and strong wings let you fly
                  | indefinitely. [potion of mutation]
   889 | D:2      | HP: 2/49 [poisoned by Jessica]
   893 | D:2      | Succumbed to Jessica's poison

Levels and vault maps discovered:
D:1:      dpeg_arrival_simpleton_c, layout_loops_ring
D:2:      layout_loops_ring, minmay_tiny_reverse_x, uniq_jessica

Skill      XL: |  1  2 |
---------------+-------+-----
Dodging        | 3 |  3.1
Fighting       | |  3.7
Maces & Flails | |  3.4
Throwing       | |  0.6
Stealth        | |  0.6

Action                   || total
-------------------------++-------
Melee: Mace              ||    41
       Tailslap          ||     3
Throw: Boomerang         ||     7
Evoke: Wand              ||     1
  Use: Potion            ||     4
Armor: Skin              ||    11
Dodge: Dodged            ||    26
